[Event "Titled Tuesday Blitz May 9 Late 2023"]
[White "Itkis, Boris"]
[Black "Seemann, Jakub"]
[WhiteFideId "1209167"]
[BlackFideId "21874697"]
[WhiteElo "2216"]
[BlackElo "2364"]
[Result "0-1"]
[Round "07"]
[TimeControl "180+2"]
[Date "2023.05.09"]
[WhiteClock "0:00:03"]
[BlackClock "0:01:07"]

1. c4 Nf6 2. Nf3 g6 3. b4 Bg7 4. Bb2 O-O 5. g3 a5 6. b5 b6 7. Bg2 Bb7 8. O-O d6 9. d3 Nbd7 10. Nc3 e5 11. a4 Nc5 12. Nd2 Bxg2 13. Kxg2 d5 14. Qc2 d4 15. Nd1 Re8 16. Ba3 Nfd7 17. Bxc5 Nxc5 18. Nb3 Bf8 19. Nxc5 Bxc5 20. f3 h5 21. Nf2 f5 22. h4 Qd7 23. Rae1 Rf8 24. Nh3 Rae8 25. Nf2 Bd6 26. Qd2 Kh7 27. Qc1 Qe6 28. Nh3 Kg7 29. Nf2 Rh8 30. Qg5 Ref8 31. Qc1 e4 32. fxe4 f4 33. Nh3 fxg3 34. Qg5 Qg4 35. Qxg4 hxg4 36. Ng5 Rxf1 37. Rxf1 Rxh4 38. Rh1 Rh2+ 39. Rxh2 gxh2 40. Ne6+ Kf6 41. Nxd4 Kg5 42. Nc2 g3 43. e3 Kg4 44. d4 h1=Q+ 45. Kxh1 Kf3 46. e5 Kf2 47. Ne1 Kxe1 48. Kg2 Be7 49. Kxg3 Ke2 50. Kf4 Kd3 51. d5 Kxc4 52. Ke4 g5 0-1


[Site "https://www.chess.com"]

[Event "Titled Tuesday Blitz May 9 Late 2023"]
[White "Mihajlov, Sebastian"]
[Black "Rodriguez Fontecha, Marcos"]
[WhiteFideId "1512110"]
[BlackFideId "2256576"]
[WhiteElo "2478"]
[BlackElo "2249"]
[Result "0-1"]
[Round "07"]
[TimeControl "180+2"]
[Date "2023.05.09"]
[WhiteClock "0:00:05"]
[BlackClock "0:00:11"]

1. e4 e6 2. d4 d5 3. Nc3 h6 4. Bd3 Nc6 5. Nf3 Nb4 6. Be2 Nf6 7. e5 Ne4 8. Nb1 c5 9. c3 Nc6 10. O-O Qb6 11. b3 Bd7 12. Be3 Rc8 13. Nfd2 cxd4 14. cxd4 Nb4 15. Nxe4 dxe4 16. Na3 Be7 17. Nc4 Qd8 18. Qd2 O-O 19. f4 Nd5 20. Bh5 b5 21. Nb2 Ba3 22. Nd1 g6 23. Bg4 h5 24. Bh3 Qh4 25. f5 Nxe3 26. Nxe3 gxf5 27. Nxf5 exf5 28. Bxf5 e3 29. Qxe3 Be6 30. Qh6 Bxf5 31. Rf4 Rc1+ 32. Rxc1 Bxc1 33. Rxh4 Bxh6 34. Rxh5 Be3+ 35. Kf1 Bg6 36. Rh4 Bd3+ 37. Ke1 Rc8 0-1


[Site "https://www.chess.com"]

[Event "Titled Tuesday Blitz May 9 Late 2023"]
[White "Vlassov, Nikolai"]
[Black "Demchenko, Anton"]
[WhiteFideId "4103360"]
[BlackFideId "4160258"]
[WhiteElo "2324"]
[BlackElo "2545"]
[Result "1/2-1/2"]
[Round "07"]
[TimeControl "180+2"]
[Date "2023.05.09"]
[WhiteClock "0:00:18"]
[BlackClock "0:00:12"]

1. e4 e5 2. Bc4 Nc6 3. f4 exf4 4. d4 Nf6 5. Nc3 Bb4 6. Ne2 Nxe4 7. O-O Bxc3 8. Nxc3 Nxc3 9. bxc3 O-O 10. Bxf4 d5 11. Bd3 Ne7 12. Qh5 Ng6 13. Rae1 Be6 14. Re3 Qd7 15. Rg3 Rae8 16. Be5 b6 17. h4 c5 18. Qf3 f6 19. Bxg6 hxg6 20. Bf4 Bf5 21. dxc5 bxc5 22. h5 g5 23. Be3 Be4 24. Qf2 d4 25. cxd4 cxd4 26. Bxd4 Re6 27. Bxa7 Rc6 28. c3 Qe6 29. Bd4 Bd5 30. Re3 Qf7 31. h6 gxh6 32. a4 Qg6 33. a5 f5 34. Re7 Rf7 35. Rxf7 Qxf7 36. Qxf5 Qxf5 37. Rxf5 Bc4 38. Rf6 Rxf6 39. Bxf6 Kf7 40. Be5 h5 41. Kf2 Ke6 42. Bc7 Kf5 43. Ke3 h4 44. Kd4 Bf1 45. c4 Bxg2 46. Bd8 h3 47. Bc7 Kg4 48. Ke3 Bc6 49. Kf2 Kh4 50. a6 g4 51. Bd8+ Kh5 52. Kg3 Kg6 53. Bc7 Kf5 54. a7 Ba8 55. c5 Bc6 56. Bb8 Ba8 57. Bd6 Bc6 58. Bc7 Kg5 59. Bd8+ Kf5 60. Bc7 Kg5 61. Bd8+ Kg6 62. Bc7 Kh5 63. Bd6 Ba8 64. Bc7 Kg5 65. Bd8+ Kf5 66. Bc7 Bf3 67. Bb8 Ke6 68. Bd6 Kd7 69. Kh2 Kc8 70. Kg3 Kb7 71. Bb8 Kc8 72. Bd6 Kd7 73. a8=Q Bxa8 74. Kxg4 Bg2 75. Kg3 Kc6 76. Kh2 Kb5 77. Kg3 Kc4 78. Kh2 Kd3 79. Kg3 Ke2 80. Kh2 Kf2 81. c6 Bxc6 82. Kxh3 1/2-1/2


[Site "https://www.chess.com"]

[Event "Titled Tuesday Blitz May 9 Late 2023"]
[White "Aydincelebi, Kagan"]
[Black "Martinez Reyes, Pedro Ramon"]
[WhiteFideId "6361102"]
[BlackFideId "3901807"]
[WhiteElo "2180"]
[BlackElo "2340"]
[Result "1-0"]
[Round "07"]
[TimeControl "180+2"]
[Date "2023.05.09"]
[WhiteClock "0:01:32"]
[BlackClock "0:00:41"]

1. e4 c6 2. d4 g6 3. Nc3 Bg7 4. Nf3 d5 5. h3 dxe4 6. Nxe4 Nf6 7. Bd3 Nxe4 8. Bxe4 Nd7 9. O-O Nf6 10. Bd3 O-O 11. Re1 b6 12. Qe2 e6 13. Bg5 Bb7 14. Rad1 h6 15. Bh4 Qc7 16. Ne5 Rae8 17. Bg3 Qc8 18. Bc4 Nd5 19. Bb3 c5 20. dxc5 bxc5 21. Nc4 Ba6 22. Qf3 Bxc4 23. Bxc4 Bxb2 24. Bd6 Ne7 25. Rb1 Bg7 26. Rb7 Nd5 27. Bxd5 exd5 28. Rxe8 Qxb7 29. Bxf8 Bxf8 30. Qf6 Qb1+ 31. Kh2 Qc1 32. Qd6 Kh7 33. Rxf8 1-0


[Site "https://www.chess.com"]

[Event "Titled Tuesday Blitz May 9 Late 2023"]
[White "Papasimakopoulos, Alexandros"]
[Black "Haydon, David L"]
[WhiteFideId "4244125"]
[BlackFideId "415405"]
[WhiteElo "2359"]
[BlackElo "2326"]
[Result "1-0"]
[Round "07"]
[TimeControl "180+2"]
[Date "2023.05.09"]
[WhiteClock "0:00:07"]
[BlackClock "0:00:12"]

1. d4 c6 2. c4 d5 3. cxd5 cxd5 4. Bf4 Nc6 5. e3 Bf5 6. Nc3 e6 7. Qb3 Qd7 8. Nf3 f6 9. Be2 h5 10. h4 Nge7 11. Nb5 Ng6 12. Nc7+ Kf7 13. Nxa8 Nxf4 14. exf4 Bd6 15. O-O Bxf4 16. Nb6 axb6 17. Qxb6 g5 18. hxg5 fxg5 19. Bb5 g4 20. Ne5+ Bxe5 21. dxe5 h4 22. Rac1 Rc8 23. a4 h3 24. Rfd1 Be4 25. Qe3 Bxg2 26. Qf4+ Ke8 27. Qxg4 Kd8 28. a5 Kc7 29. a6 Kb8 30. axb7 Qxb7 31. Bxc6 Rxc6 32. Qg8+ Ka7 33. Rxc6 Qxc6 34. Ra1+ Kb6 35. Qb8+ Qb7 36. Qxb7+ Kxb7 37. Rc1 Kb6 38. f4 Be4 39. Kh2 Bf5 40. Kg3 Kb5 41. Rh1 d4 42. Rc1 d3 43. Kf3 Kb4 44. Ke3 Kb3 45. Kd2 Be4 46. f5 Bxf5 47. Rc3+ Kxb2 48. Rc4 Kb3 49. Rf4 Ka3 50. Kc3 Ka2 51. Ra4+ Kb1 52. Kd2 Kb2 53. Rb4+ Ka3 54. Rf4 Kb2 55. Rb4+ Ka3 56. Rh4 Kb3 57. Rf4 Ka3 58. Kc3 Ka2 59. Rb4 Ka3 60. Rd4 Ka2 61. Rf4 Kb1 62. Ra4 d2 63. Kxd2 Kb2 64. Rf4 Kb3 65. Ke3 Kc3 66. Rxf5 exf5 67. Kf3 h2 68. Kg2 f4 69. Kxh2 Kd2 70. e6 f3 71. Kg3 Ke2 72. e7 f2 73. e8=Q+ Kf1 74. Qf7 Kg1 75. Qxf2+ Kh1 76. Qg2# 1-0


[Site "https://www.chess.com"]

[Event "Titled Tuesday Blitz May 9 Late 2023"]
[White "Ozdemir, Serhan Berat"]
[Black "Gorshtein, Ido"]
[WhiteFideId "6374611"]
[BlackFideId "2815532"]
[WhiteElo "2015"]
[BlackElo "2415"]
[Result "0-1"]
[Round "07"]
[TimeControl "180+2"]
[Date "2023.05.09"]
[WhiteClock "0:00:00"]
[BlackClock "0:01:14"]

1. e4 c5 2. Nf3 Nc6 3. Bb5 e6 4. O-O Nge7 5. d4 cxd4 6. Nxd4 Ng6 7. Nc3 Qc7 8. Be3 Bd6 9. h3 Be5 10. Be2 O-O 11. Qd2 a6 12. Rad1 b5 13. a3 Bb7 14. Nb3 Nf4 15. Bxf4 Bxf4 16. Qxd7 Qb6 17. Qd3 Rac8 18. Qf3 Be5 19. Rd3 Bf6 20. Qh5 Ne5 21. Rg3 g6 22. Qh6 Bg7 23. Qd2 Rfd8 24. Qe1 h5 25. Kh2 h4 26. Re3 Bh6 27. f4 Qxe3 28. fxe5 Bf4+ 29. Kh1 Bg3 0-1


[Site "https://www.chess.com"]

[Event "Titled Tuesday Blitz May 9 Late 2023"]
[White "Gritsenko, Nikolai"]
[Black "Spitzl, Vinzent"]
[WhiteFideId "14112493"]
[BlackFideId "12901253"]
[WhiteElo "2389"]
[BlackElo "2225"]
[Result "1-0"]
[Round "07"]
[TimeControl "180+2"]
[Date "2023.05.09"]
[WhiteClock "0:00:09"]
[BlackClock "0:00:01"]

1. b3 Nf6 2. Bb2 e6 3. c4 d5 4. Nf3 Be7 5. g4 Nxg4 6. Rg1 Bf6 7. Nc3 Ne5 8. e3 dxc4 9. bxc4 Nd3+ 10. Bxd3 Qxd3 11. Qb3 Na6 12. Nd5 Qxb3 13. Nxf6+ gxf6 14. axb3 e5 15. d4 e4 16. Nd2 Bf5 17. Bc3 Ke7 18. b4 c6 19. Ra5 Bg6 20. h4 h5 21. Ke2 Nc7 22. Nb3 b6 23. Ra3 Bf5 24. Nd2 a6 25. f3 exf3+ 26. Kxf3 Rhg8 27. Raa1 Rg4 28. e4 Bd7 29. Rxg4 hxg4+ 30. Kg3 f5 31. h5 Rh8 32. Rh1 Rh6 33. d5 cxd5 34. exd5 Ne8 35. Be5 Nd6 36. Bf4 Rh7 37. c5 bxc5 38. bxc5 Ne4+ 39. Nxe4 fxe4 40. c6 Bf5 41. h6 a5 42. d6+ Ke6 43. d7 Rh8 44. Rd1 Ke7 45. Bc7 a4 46. d8=Q+ Rxd8 47. Bxd8+ 1-0


[Site "https://www.chess.com"]

[Event "Titled Tuesday Blitz May 9 Late 2023"]
[White "Amburgy, Ryan"]
[Black "Tologon tegin, Semetei"]
[WhiteFideId "30924820"]
[BlackFideId "13800574"]
[WhiteElo "2134"]
[BlackElo "2247"]
[Result "1-0"]
[Round "07"]
[TimeControl "180+2"]
[Date "2023.05.09"]
[WhiteClock "0:00:59"]
[BlackClock "0:01:04"]

1. Nf3 d5 2. e3 e6 3. c4 c5 4. b3 Nc6 5. Bb2 d4 6. g3 Nf6 7. exd4 cxd4 8. Bg2 Be7 9. O-O e5 10. Re1 Qc7 11. d3 O-O 12. a3 a5 13. Nbd2 Bf5 14. Qc2 Rfe8 15. Ng5 Bf8 16. Nge4 Nd7 17. c5 Bg6 18. Qc4 h6 19. b4 a4 20. Rac1 Kh7 21. Qb5 Na7 22. Qc4 f5 23. Nd6 Bxd6 24. cxd6 Qxd6 25. Bxb7 Rab8 26. Qc7 Qe7 27. Ba6 Nf6 28. Qxe7 Rxe7 29. Bxd4 Nc6 30. Rxc6 1-0


[Site "https://www.chess.com"]

[Event "Titled Tuesday Blitz May 9 Late 2023"]
[White "angelgab3"]
[Black "Volkov, Maksim"]
[BlackFideId "54123070"]
[WhiteElo "2538"]
[BlackElo "2297"]
[Result "1/2-1/2"]
[Round "07"]
[TimeControl "180+2"]
[Date "2023.05.09"]
[WhiteClock "0:00:05"]
[BlackClock "0:00:10"]

1. e4 c5 2. Nf3 d6 3. d4 cxd4 4. Nxd4 Nf6 5. Nc3 a6 6. Bg5 e6 7. f4 Be7 8. Qf3 Qc7 9. O-O-O Nbd7 10. f5 e5 11. Nde2 b5 12. Bxf6 Nxf6 13. Nd5 Nxd5 14. exd5 Bd7 15. Ng3 O-O 16. Kb1 Rfc8 17. Bd3 f6 18. h4 b4 19. Ne4 a5 20. g4 a4 21. g5 b3 22. Rh2 bxa2+ 23. Ka1 Rf8 24. Rg2 a3 25. b3 fxg5 26. f6 g4 27. Rxg4 Bxg4 28. Qxg4 Bxf6 29. Kxa2 Kh8 30. Rf1 Qc8 31. Qe2 Qh3 32. Nxd6 Qxh4 33. Ne4 Be7 34. d6 Rxf1 35. Qxf1 Bxd6 36. Nxd6 Qd4 37. Nf7+ Kg8 38. Nh6+ Kh8 39. Nf7+ Kg8 40. Nh6+ Kh8 41. Nf7+ 1/2-1/2


[Site "https://www.chess.com"]

[Event "Titled Tuesday Blitz May 9 Late 2023"]
[White "Rosen, Eric"]
[Black "Ozates, Tuna"]
[WhiteFideId "2032562"]
[BlackFideId "6354521"]
[WhiteElo "2331"]
[BlackElo "2151"]
[Result "1-0"]
[Round "07"]
[TimeControl "180+2"]
[Date "2023.05.09"]
[WhiteClock "0:00:06"]
[BlackClock "0:00:00"]

1. d4 d5 2. Bf4 c5 3. Nc3 e6 4. e4 cxd4 5. Qxd4 Nc6 6. Qa4 Bb4 7. O-O-O Bxc3 8. bxc3 Nf6 9. exd5 exd5 10. Re1+ Be6 11. Qa3 Qb6 12. Nf3 Ne4 13. Be3 Qc7 14. Nd4 Nxd4 15. Bxd4 Nd6 16. Bxg7 Rg8 17. Be5 Kd7 18. g3 a6 19. f4 Rac8 20. Bd3 Qc5 21. Qa4+ b5 22. Qb4 Nc4 23. Qxc5 Rxc5 24. f5 Nxe5 25. fxe6+ Kxe6 26. Bxh7 Rgc8 27. Rhf1 R8c7 28. Bg8 Rxc3 29. Re2 1-0


[Site "https://www.chess.com"]

[Event "Titled Tuesday Blitz May 9 Late 2023"]
[White "Lenaerts, Lennert"]
[Black "Gonzalez, Francisco Silva"]
[WhiteFideId "211435"]
[BlackFideId "1512285"]
[WhiteElo "2334"]
[BlackElo "2074"]
[Result "0-1"]
[Round "07"]
[TimeControl "180+2"]
[Date "2023.05.09"]
[WhiteClock "0:00:10"]
[BlackClock "0:01:14"]

1. d4 Nf6 2. c4 e6 3. Nc3 Bb4 4. g3 Bxc3+ 5. bxc3 Nc6 6. Bg2 d6 7. Nf3 O-O 8. Qd3 e5 9. Nd2 exd4 10. cxd4 Re8 11. O-O Bg4 12. e4 Bh5 13. h3 Bg6 14. f4 d5 15. cxd5 Nxd5 16. f5 Ndb4 17. Qc3 Qxd4+ 18. Qxd4 Nxd4 19. fxg6 hxg6 20. Bb2 Nbc2 21. Rac1 Ne2+ 22. Kf2 Nxc1 23. Rxc1 Nb4 24. Ke3 c6 25. a3 Na6 26. Nc4 f6 27. Bd4 c5 28. Bc3 Rad8 29. Rb1 b6 30. e5 Nc7 31. a4 Nd5+ 32. Bxd5+ Rxd5 33. Ke4 Red8 34. exf6 Rd4+ 35. Bxd4 Rxd4+ 36. Ke5 gxf6+ 37. Kxf6 Rxc4 38. Re1 Kf8 39. Kxg6 Rxa4 40. g4 Rd4 41. g5 Rh4 42. Re3 c4 43. Kf6 Rf4+ 44. Ke5 Rh4 45. Kf5 b5 46. g6 b4 47. Kf6 Rf4+ 48. Kg5 Rf1 49. Kh6 Rf6 50. Kh7 Rxg6 51. Kxg6 c3 52. Kf6 c2 53. Re1 b3 54. Ra1 Ke8 55. Ke6 Kd8 56. Kd6 Kc8 57. Kc6 b2 0-1


[Site "https://www.chess.com"]

[Event "Titled Tuesday Blitz May 9 Late 2023"]
[White "Manukyan, Sargis A."]
[Black "Cruz, William Ferreira Da"]
[WhiteFideId "13303970"]
[BlackFideId "2118050"]
[WhiteElo "2187"]
[BlackElo "2223"]
[Result "1-0"]
[Round "07"]
[TimeControl "180+2"]
[Date "2023.05.09"]
[WhiteClock "0:00:14"]
[BlackClock "0:00:06"]

1. d4 Nf6 2. c4 g6 3. Nc3 Bg7 4. Nf3 O-O 5. h3 d6 6. Bf4 Nbd7 7. e3 b6 8. Be2 Bb7 9. O-O a6 10. b4 e6 11. a4 Qe7 12. a5 e5 13. dxe5 dxe5 14. Bh2 Qxb4 15. Nd5 Nxd5 16. cxd5 Qe7 17. axb6 Nxb6 18. Rb1 Bxd5 19. Qc2 Bxf3 20. Bxf3 e4 21. Bxe4 Ra7 22. Bc6 Be5 23. f4 Bd6 24. e4 a5 25. e5 Bb4 26. f5 Qc5+ 27. Qxc5 Bxc5+ 28. Kh1 a4 29. Rb5 Bd4 30. e6 fxe6 31. Rd1 e5 32. fxg6 hxg6 33. Bxe5 Bxe5 34. Rxe5 a3 35. Ra1 Rf2 36. Kg1 Rc2 37. Be8 Kg7 38. Re6 a2 39. Bxg6 Rb2 40. h4 Nc4 41. h5 Nd2 42. g4 Nb3 43. g5 c5 44. h6+ Kg8 45. Re8# 1-0


[Site "https://www.chess.com"]

[Event "Titled Tuesday Blitz May 9 Late 2023"]
[White "Kim, Sergey"]
[Black "Santos Flores, Alberto"]
[WhiteFideId "13700570"]
[BlackFideId "3601234"]
[WhiteElo "2616"]
[BlackElo "2235"]
[Result "1/2-1/2"]
[Round "07"]
[TimeControl "180+2"]
[Date "2023.05.09"]
[WhiteClock "0:01:08"]
[BlackClock "0:00:50"]

1. d4 d5 2. c4 c6 3. Nf3 Nf6 4. Qc2 g6 5. e3 Bf5 6. Bd3 Bxd3 7. Qxd3 Bg7 8. O-O O-O 9. Nc3 Nbd7 10. e4 dxe4 11. Nxe4 Nxe4 12. Qxe4 Re8 13. Rd1 e5 14. dxe5 Qe7 15. Bf4 Nxe5 16. Nxe5 Bxe5 17. Bxe5 Qxe5 18. Qxe5 Rxe5 19. Rd7 b5 20. cxb5 cxb5 21. Kf1 Rc8 22. Re1 Rxe1+ 23. Kxe1 Rc2 24. Rd2 Rc1+ 25. Ke2 Kg7 26. Rd7 Rc2+ 27. Rd2 Rc1 28. Rd7 a6 29. h4 Rb1 30. b3 h5 31. g3 a5 32. Rd5 a4 33. Rxb5 Rb2+ 34. Ke3 a3 35. Ra5 Rxa2 36. b4 Ra1 37. b5 a2 38. Kf3 Rb1 39. Rxa2 Rxb5 40. Ra4 Rf5+ 41. Rf4 Kf6 42. Ke3 Ke5 43. Re4+ Kf6 44. Rf4 Ke5 45. Re4+ Kf6 46. Rf4 1/2-1/2


[Site "https://www.chess.com"]

[Event "Titled Tuesday Blitz May 9 Late 2023"]
[White "Omranalhosani21"]
[Black "Przybylski, Wojciech"]
[BlackFideId "1117599"]
[WhiteElo "2614"]
[BlackElo "2222"]
[Result "1-0"]
[Round "07"]
[TimeControl "180+2"]
[Date "2023.05.09"]
[WhiteClock "0:00:06"]
[BlackClock "0:00:00"]

1. e4 e5 2. Nf3 Nc6 3. Bb5 Nf6 4. O-O Nxe4 5. d4 Nd6 6. Bxc6 bxc6 7. dxe5 Nb7 8. Ng5 d5 9. e6 Bxe6 10. Re1 Qd7 11. Qh5 g6 12. Qg4 O-O-O 13. Nxe6 fxe6 14. Qxe6 Bb4 15. Bd2 Qxe6 16. Rxe6 Kd7 17. Re2 Bd6 18. Nc3 Rde8 19. Rae1 Rxe2 20. Rxe2 Nc5 21. Be3 Ne6 22. Rd2 Rb8 23. Nd1 a5 24. c3 a4 25. Kf1 Rf8 26. g3 Rb8 27. Ke2 Ng7 28. Kd3 c5 29. Kc2 Kc6 30. Bg5 Ne6 31. Bh6 c4 32. Ne3 Rb5 33. h4 Be5 34. Ng4 Bh8 35. Be3 Kd6 36. Nh2 c5 37. Nf3 Kc6 38. g4 Rb8 39. h5 Rd8 40. hxg6 hxg6 41. Ng5 Nc7 42. Nf7 Rf8 43. Nxh8 Rxh8 44. Re2 Re8 45. Kd2 Rf8 46. f4 Ne6 47. Rh2 Nxf4 48. Rh6 Ne6 49. Rxg6 Kd6 50. Bxc5+ Kxc5 51. Rxe6 Rf2+ 52. Kc1 Rg2 53. Rg6 Rg1+ 54. Kc2 Rg2+ 55. Kc1 a3 56. bxa3 Rxa2 57. g5 Rg2 58. Rg7 d4 59. cxd4+ Kxd4 60. g6 Kc3 61. Kd1 Kb3 62. Rb7+ Kc3 63. g7 Rg1+ 64. Ke2 Kc2 65. a4 c3 66. a5 Kc1 67. a6 c2 68. a7 Re1+ 69. Kf2 Re8 70. Rb8 Kd2 71. Rxe8 c1=Q 72. a8=Q 1-0


[Site "https://www.chess.com"]

[Event "Titled Tuesday Blitz May 9 Late 2023"]
[White "ATM622"]
[Black "Vega Gutierrez, Sabrina"]
[BlackFideId "2219026"]
[WhiteElo "2591"]
[BlackElo "2209"]
[Result "1-0"]
[Round "07"]
[TimeControl "180+2"]
[Date "2023.05.09"]
[WhiteClock "0:02:08"]
[BlackClock "0:00:00"]

1. d4 d5 2. c4 e6 3. Nf3 c6 4. g3 Nf6 5. Bg2 Be7 6. O-O O-O 7. Nbd2 b6 8. Qc2 c5 9. cxd5 exd5 10. Ne5 Ba6 11. Ndf3 Ne4 12. b3 f6 13. Nd3 Nc6 14. Bb2 Rc8 15. dxc5 bxc5 16. Nf4 Nb4 17. Qb1 Qd6 18. a3 g5 19. axb4 gxf4 20. bxc5 Nxc5 21. Nd4 Rfe8 22. Nf5 Qb6 23. Bxd5+ Kh8 24. g4 Bxe2 25. g5 1-0


[Site "https://www.chess.com"]

[Event "Titled Tuesday Blitz May 9 Late 2023"]
[White "Moore, Nicholas"]
[Black "Howell, David W L"]
[WhiteFideId "4303709"]
[BlackFideId "410608"]
[WhiteElo "2494"]
[BlackElo "2567"]
[Result "0-1"]
[Round "07"]
[TimeControl "180+2"]
[Date "2023.05.09"]
[WhiteClock "0:00:10"]
[BlackClock "0:00:15"]

1. d4 Nf6 2. c4 g6 3. Nc3 Bg7 4. e4 d6 5. Be2 O-O 6. Nf3 e5 7. O-O Nc6 8. d5 Ne7 9. b4 a5 10. Ba3 axb4 11. Bxb4 b6 12. a4 Ne8 13. Nb5 f5 14. Nd2 Bh6 15. a5 c5 16. Bc3 bxa5 17. Nb3 a4 18. Nc1 fxe4 19. Rxa4 Rxa4 20. Qxa4 Nf5 21. Ba5 Qg5 22. Qa3 e3 23. f3 Nh4 24. g3 Bh3 25. Nc7 Nxc7 26. Bxc7 Nf5 27. Qa6 Nxg3 28. hxg3 Qxg3+ 29. Kh1 Bg2+ 30. Kg1 Bxf3# 0-1


[Site "https://www.chess.com"]

[Event "Titled Tuesday Blitz May 9 Late 2023"]
[White "OPQRC"]
[Black "Hambleton, Aman"]
[BlackFideId "2606577"]
[WhiteElo "2483"]
[BlackElo "2511"]
[Result "0-1"]
[Round "07"]
[TimeControl "180+2"]
[Date "2023.05.09"]
[WhiteClock "0:02:40"]
[BlackClock "0:02:50"]

1. e4 b6 2. d4 Bb7 3. Bd3 e6 4. Nf3 d5 5. e5 Ba6 6. O-O Bxd3 7. Qxd3 Ne7 8. c3 c5 9. Ng5 h6 10. Nh3 Qd7 11. f4 g6 12. Nf2 h5 13. Nh3 Nf5 14. Ng5 cxd4 15. cxd4 Nxd4 16. Be3 Nf5 17. Nc3 Nxe3 0-1


[Site "https://www.chess.com"]

[Event "Titled Tuesday Blitz May 9 Late 2023"]
[White "Remolar Gallen, Jose"]
[Black "Bolourchifard, Farzad"]
[WhiteFideId "2215187"]
[BlackFideId "12510084"]
[WhiteElo "2223"]
[BlackElo "2317"]
[Result "1-0"]
[Round "07"]
[TimeControl "180+2"]
[Date "2023.05.09"]
[WhiteClock "0:00:04"]
[BlackClock "0:00:00"]

1. d4 Nf6 2. Nf3 d5 3. e3 c5 4. Nbd2 cxd4 5. exd4 Nc6 6. Bd3 g6 7. h3 Bg7 8. O-O O-O 9. c3 Bf5 10. Qc2 Bxd3 11. Qxd3 Rb8 12. Re1 b5 13. Nb3 e6 14. Bf4 Rb6 15. a3 Ne4 16. Nfd2 Nxd2 17. Qxd2 a5 18. Nc5 Re8 19. b4 a4 20. Rad1 Nb8 21. Qd3 Nd7 22. Rb1 Qc8 23. Qg3 Qc6 24. Bc7 Rb7 25. Nxb7 Qxb7 26. Bd6 Nb6 27. Bf4 Qc6 28. Qd3 Rc8 29. Bd2 Nc4 30. Bc1 Nd6 31. Bb2 h5 32. Rbc1 Bf6 33. Rc2 Nf5 34. Ree2 Kg7 35. Bc1 Qd7 36. Qf3 Rc4 37. g4 hxg4 38. hxg4 Nd6 39. Bh6+ Kxh6 40. Qxf6 Ne4 41. Rxe4 dxe4 42. f4 Qd5 43. Rh2+ 1-0


[Site "https://www.chess.com"]

[Event "Titled Tuesday Blitz May 9 Late 2023"]
[White "Ladan, Nicholas"]
[Black "Sowa, Ryan"]
[WhiteFideId "30918855"]
[BlackFideId "30901693"]
[WhiteElo "2167"]
[BlackElo "2642"]
[Result "0-1"]
[Round "07"]
[TimeControl "180+2"]
[Date "2023.05.09"]
[WhiteClock "0:00:01"]
[BlackClock "0:00:07"]

1. d4 b6 2. Bf4 Bb7 3. f3 e6 4. e4 d5 5. Bd3 c5 6. Bxb8 Rxb8 7. Bb5+ Ke7 8. Nd2 f6 9. Ne2 Kf7 10. O-O Ne7 11. exd5 Nxd5 12. c4 Nb4 13. a3 Nc6 14. Bxc6 Bxc6 15. Ne4 cxd4 16. Kh1 e5 17. b4 f5 18. N4g3 g6 19. f4 d3 20. fxe5 dxe2 21. Qxe2 Bd7 22. Rad1 Qe8 23. Ne4 Be7 24. Rfe1 Be6 25. Nd6+ Bxd6 26. exd6 Qd7 27. c5 bxc5 28. bxc5 Rhc8 29. Qf3 Rxc5 30. Qh3 Kg8 31. Qe3 Rc6 32. Qxe6+ Qxe6 33. Rxe6 Rd8 34. h4 Rd7 35. Kh2 Kf7 36. Re7+ Rxe7 37. dxe7 Kxe7 38. Rd3 Rc4 39. Kg3 Rg4+ 40. Kh3 a5 41. Rd5 a4 42. Ra5 Kf6 43. Ra6+ Kg7 44. Ra7+ Kh6 45. g3 Rc4 46. Ra6 Kg7 47. Ra7+ Kh6 48. Kg2 Kh5 49. Kh3 h6 50. Ra5 Rd4 51. Ra6 g5 52. hxg5 hxg5 53. Ra7 g4+ 54. Kg2 Rd2+ 55. Kf1 Rd3 56. Rxa4 Rxg3 57. Ra8 Rb3 58. a4 Kh4 59. a5 Kg3 60. a6 Ra3 61. a7 f4 62. Ke2 f3+ 63. Ke1 Ra2 64. Rh8 Rxa7 65. Kd2 Re7 66. Re8 0-1


[Site "https://www.chess.com"]

[Event "Titled Tuesday Blitz May 9 Late 2023"]
[White "Herman, Daniel"]
[Black "Schnaider, Ilan"]
[WhiteFideId "30935008"]
[BlackFideId "169013"]
[WhiteElo "1897"]
[BlackElo "2224"]
[Result "1/2-1/2"]
[Round "07"]
[TimeControl "180+2"]
[Date "2023.05.09"]
[WhiteClock "0:00:10"]
[BlackClock "0:00:08"]

1. Nf3 Nf6 2. c4 g6 3. Nc3 Bg7 4. e4 e5 5. d4 exd4 6. Nxd4 O-O 7. Be2 Re8 8. f3 Nc6 9. Nc2 d6 10. O-O h6 11. Be3 Be6 12. Qd2 Kh7 13. Rad1 Ne5 14. b3 a5 15. Nd4 a4 16. Nxe6 Rxe6 17. Nxa4 c6 18. c5 d5 19. Nb6 Ra3 20. exd5 cxd5 21. Bd4 Qe7 22. Rfe1 Nc6 23. Bf2 Bf8 24. Bb5 d4 25. Bxc6 bxc6 26. Bxd4 Rxa2 27. Bxf6 Rxd2 28. Bxe7 Bxe7 29. Rxd2 Rxe1+ 30. Kf2 Rb1 31. Nc4 Bxc5+ 32. Kg3 Rxb3 33. Ne5 Rb7 34. Nxc6 Rb6 35. Ne5 Bd6 36. f4 Rb3+ 37. Kf2 Bc5+ 38. Ke2 Re3+ 39. Kd1 f6 40. Rd7+ Kg8 41. Nxg6 Ra3 42. f5 Ra2 43. Rd8+ Kf7 44. Rd7+ Ke8 45. Rc7 Bd6 46. Rc6 Kd7 47. Rb6 Rxg2 48. Rb7+ Kc6 49. Rf7 Rxh2 50. Rxf6 h5 51. Ne5+ Kd5 52. Nf7 Bf4 53. Rg6 Rf2 54. f6 h4 55. Ng5 h3 56. Nxh3 Rd2+ 57. Ke1 Rd4 58. Nxf4+ Rxf4 59. Ke2 Ke6 60. Rh6 Rf5 61. Ke3 Kf7 62. Ke4 Rxf6 63. Rxf6+ Kxf6 1/2-1/2


[Site "https://www.chess.com"]

[Event "Titled Tuesday Blitz May 9 Late 2023"]
[White "Hirneise, Jens"]
[Black "Kleiman, Jake"]
[WhiteFideId "24614734"]
[BlackFideId "2020041"]
[WhiteElo "2345"]
[BlackElo "2594"]
[Result "0-1"]
[Round "07"]
[TimeControl "180+2"]
[Date "2023.05.09"]
[WhiteClock "0:00:07"]
[BlackClock "0:00:26"]

1. d4 Nf6 2. Bg5 Ne4 3. Bf4 Nc6 4. Nd2 Nxd2 5. Qxd2 d5 6. Nf3 Bg4 7. e3 a6 8. Be2 e6 9. Bg3 Bd6 10. O-O O-O 11. Rac1 Bxg3 12. hxg3 Bxf3 13. gxf3 Ne7 14. Kg2 c6 15. Rh1 Qd6 16. Bd3 f5 17. Rh5 e5 18. dxe5 Qxe5 19. Rch1 h6 20. c3 Qe6 21. Qc2 Rf6 22. Qb3 Qd7 23. c4 d4 24. c5+ Kh8 25. e4 f4 26. e5 Re6 27. g4 Rd8 28. g5 Nd5 29. gxh6 g6 30. Rg5 Qe7 31. Rg4 g5 32. Qc4 Nc7 33. Rh5 Rxe5 34. h7 Ne6 35. b4 Qf7 36. Rh6 Re8 37. a4 Qg7 38. Rg6 Qf7 39. Rh6 Re1 40. Bg6 Qg7 41. Bxe8 Qxh6 42. Bh5 Qxh5 43. Rh4 Qxh4 44. Qf1 Rxf1 45. Kxf1 Qh2 46. Ke2 Qg2 47. Kd3 Kxh7 48. Kc4 Qxf3 49. a5 Qd5+ 50. Kd3 f3 51. Kd2 Qe4 52. Kc1 Qe2 53. Kb1 Kg8 54. b5 Kf8 55. b6 Ke8 56. Kc1 d3 57. Kb1 g4 58. Kc1 g3 59. fxg3 f2 60. g4 f1=Q# 0-1


[Site "https://www.chess.com"]

[Event "Titled Tuesday Blitz May 9 Late 2023"]
[White "Sun, Rick"]
[Black "Perez Rodriguez, Jennifer"]
[WhiteFideId "30909481"]
[BlackFideId "3507831"]
[WhiteElo "2169"]
[BlackElo "2116"]
[Result "1-0"]
[Round "07"]
[TimeControl "180+2"]
[Date "2023.05.09"]
[WhiteClock "0:00:10"]
[BlackClock "0:00:00"]

1. e4 e5 2. Nf3 Nc6 3. Bb5 f5 4. d3 fxe4 5. dxe4 Nf6 6. Qe2 Bb4+ 7. Nbd2 d6 8. c3 Ba5 9. b4 Bb6 10. a4 a6 11. Bc4 Qe7 12. Ba3 Be6 13. Ng5 Bxc4 14. Nxc4 Ba7 15. b5 axb5 16. axb5 Nd8 17. O-O h6 18. Nf3 Qe6 19. b6 Bxb6 20. Nxb6 cxb6 21. Bb4 Rc8 22. Rfd1 Nf7 23. Qb5+ Qd7 24. Qxb6 O-O 25. Ra7 Nxe4 26. Rxb7 Qe6 27. Qe3 Nf6 28. Ra1 Nd5 29. Qe4 Nxc3 30. Bxc3 Rxc3 31. h3 Rc4 32. Qe2 Rfc8 33. Raa7 Rf4 34. g3 Rf6 35. Kg2 Rf8 36. Qe4 Qf5 37. Qxf5 Rxf5 38. Nh4 Rf6 39. g4 g5 40. Nf5 Kh7 41. Ne7 Kg7 42. Nf5+ Kh7 43. Re7 Kg6 44. f3 Rg8 45. Red7 e4 46. Ne7+ Kg7 47. Nxg8 Kg6 48. fxe4 Re6 49. Ne7+ Kf6 50. Nf5 Ke5 51. Rxf7 Kf4 52. Rfe7 Rxe4 53. Rxe4+ Kxe4 54. Ra6 1-0


[Site "https://www.chess.com"]